 Dungeon Crawl Stone Soup version 0.27-a0-681-g0c81a3c1c3 (webtiles) character file.

Game seed: 3798839602224833594

37285 rjrrt the Severer (level 13, 0/106 HPs)
             Began as a Demonspawn Berserker on Mar 20, 2021.
             Was the Champion of Trog.
             Succumbed to a killer bee's poison
             ... on level 5 of the Lair of Beasts.
             The game lasted 00:38:31 (20603 turns).

rjrrt the Severer (Demonspawn Berserker)           Turns: 20603, Time: 00:38:32

Health: 0/106      AC: 27    Str: 25    XL:     13   Next: 57%
Magic:  22/22      EV: 11    Int:  9    God:    Trog [******]
Gold:   978        SH:  0    Dex: 20    Spells: 12/12 levels left

rFire    . . .     SeeInvis .   a - +2 battleaxe (flame)
rCold    . . .     Faith    +   (shield currently unavailable)
rNeg     + + +     Spirit   .   I - +2 plate armour {rN+}
rPois    .         Reflect  .   (helmet restricted)
rElec    +         Harm     .   u - +2 cloak
rCorr    .         Rampage  .   h - +0 pair of gloves
Will     .....                  p - +2 pair of boots
Stlth    ..........             K - amulet "Coment" {Faith rElec rN++ MP+9 Str+4}
HPRegen  0.27/turn              H - +6 ring of dexterity
MPRegen  0.18/turn              y - +4 ring of slaying

@: lethally poisoned (0 -> -12), marked, berserk cooldown, slowed, studying 2
skills, very slow
A: antennae 2, yellow scales 2, demonic guardian 2, ignite blood 1
a: Renounce Religion, Berserk, Trog's Hand, Brothers in Arms


You were on level 5 of the Lair of Beasts.
You worshipped Trog.
Trog was exalted by your worship.
You visited 2 branches of the dungeon, and saw 16 of its levels.
You also visited: Bailey.

You collected 1014 gold pieces.
You spent 36 gold pieces at shops.

Inventory:

Hand Weapons
 a - a +2 battleaxe of flaming (weapon)
 b - a +1 demon trident of venom
 c - a +4 vorpal battleaxe
Missiles
 e - 4 curare-tipped darts (quivered)
Armour
 h - a +0 pair of gloves (worn)
 p - a +2 pair of boots (worn)
 u - a +2 cloak (worn)
 C - +0 swamp dragon scales
 I - a +2 plate armour of positive energy (worn)
Jewellery
 y - a +4 ring of slaying (left hand)
 E - a ring of poison resistance
 F - a ring of protection from cold
 H - a +6 ring of dexterity (right hand)
 K - the amulet "Coment" (around neck) {Faith rElec rN++ MP+9 Str+4}
   (You acquired it in a bailey)

   [amulet of faith]

   It allows you to gain divine favour quickly.
   It affects your strength (+4).
   It insulates you from electricity.
   It greatly protects you from negative energy.
   It affects your magic capacity (+9).
Wands
 d - a wand of digging (3)
 i - a wand of acid (2)
 m - a wand of iceblast (4)
 t - a wand of flame (4)
 x - a wand of charming (7)
 B - a wand of polymorph (2)
Scrolls
 f - 7 scrolls of enchant armour
 l - 6 scrolls of teleportation
 v - 2 scrolls of magic mapping
 A - 7 scrolls of enchant weapon
Potions
 g - 2 potions of haste
 j - 10 potions of curing
 k - 2 potions of flight
 n - 2 potions of ambrosia
 o - a potion of cancellation {unknown}
 q - a potion of heal wounds {unknown}
 r - 3 potions of mutation
 s - 3 potions of resistance
 w - 5 potions of might
 G - 3 potions of lignification
 J - 2 potions of invisibility {unknown}


   Skills:
 + Level 11.0 Fighting
 * Level 15.4 Axes
 + Level 10.0 Armour
 - Level 6.0 Dodging
 - Level 4.0 Evocations


You had 12 spell levels left.
You didn't know any spells.
Your spell library was empty.

Dungeon Overview and Level Annotations

Branches:
Dungeon (11/15)            Temple (0/1) D:4            Lair (5/6) D:11
  Swamp (0/4) Lair:3        Snake (0/4) Lair:3       Bailey (visited)
  Slime: Lair:5-6       Orc: D:9-12

Altars:
Ashenzari
Cheibriados
Gozag
Nemelex Xobeh
Trog
Wu Jian

Shops:
D:3 (!:*   D:5 *

Annotations:
Lair:3 2 runed translucent doors, Fixtec's ghost, journeyman DECj


Innate Abilities, Weirdness & Mutations

You have a pair of antennae on your head.
You are mostly covered in yellow scales. (AC +3)
A demonic guardian rushes to your aid.
Your demonic aura sometimes causes spilled blood to erupt in flames


Message History

Unknown command.
* * * LOW HITPOINT WARNING * * *
You feel sick.
The blink frog blinks!
The blink frog barely misses your orange demon.
Your orange demon stings the eight-headed hydra!
Your orange demon hits the eight-headed hydra.
The eight-headed hydra looks weaker.
The eight-headed hydra is engulfed in blazing flames.
The eight-headed hydra bites your orange demon! x2
The eight-headed hydra bites your orange demon but does no damage.
The eight-headed hydra barely misses your orange demon.
The eight-headed hydra closely misses your orange demon.
The eight-headed hydra bites your orange demon.
The eight-headed hydra bites your orange demon!
The eight-headed hydra bites your orange demon but does no damage.
You slice the queen bee!! You burn the queen bee!
You kill the queen bee!
Trog accepts your kill.
* * * LOW HITPOINT WARNING * * *
You feel sick. The blink frog hits your orange demon!
Your orange demon dies!
Unknown command.
You slice the blink frog!! You burn the blink frog.
You kill the blink frog!
Trog accepts your kill.
* * * LOW HITPOINT WARNING * * *
You feel sick.
Training target 6.0 for Dodging reached!
Your Armour skill increases to level 10!
Your Dodging skill increases to level 6!
Unknown command.
* * * LOW HITPOINT WARNING * * *
You feel sick.
The blink frog blinks!
You feel a strong urge to attack something.
* * * LOW HITPOINT WARNING * * *
You feel sick.
You are no longer berserk.
You are exhausted.
You feel yourself slow down.
You die...

.#......###P.........†P≈≈≈P≈
##.....# ###†.##......P≈≈≈≈ ..
#PP..## #§†##.P....≈≈≈≈≈ ...
##P...## ##))####...≈≈P≈≈≈
...####....# #.†D## P...≈≈≈PP≈
....#....#####†...###...≈≈≈≈≈≈
...........#.##..†......≈≈≈≈≈≈≈
..........##.P#.........≈≈≈≈≈≈≈
..............@..........
.......>.................
..................###.###
..................# ##
........†.........#
........†........P#
..........†.........#
....................#
...................P#


You could see an eight-headed hydra (weak).

Vanquished Creatures
  2 hydras
  A centaur warrior (D:11)
  2 catoblepae
  2 two-headed ogres
  Urug (Lair:4)
  An unseen horror (D:11)
  Pikel (D:4)
  An ugly thing (D:11)
  2 orc knights (Bailey)
  A cyclops (D:11)
  2 oklob plants (D:11)
  Joseph (D:7)
  A centaur zombie (D:7)
  A gargoyle (D:10)
  A torpor snail (Lair:2)
  A black mamba (Lair:5)
  11 cane toads
  Maggie (D:7)
  2 rime drakes
  8 komodo dragons
  A queen bee (Lair:5)
  A wandering mushroom (Lair:2)
  2 meliai (Lair:5)
  Prince Ribbit (D:6)
  14 blink frogs
  A wraith (D:10)
  A wyvern (Lair:4)
  A vampire (D:11)
  A steam dragon (D:11)
  A basilisk (Lair:2)
  43 yaks
  Menkaure (D:4)
  2 nagas (Lair:3)
  An acid dragon (D:11)
  13 water moccasins
  3 sky beasts
  19 orc warriors
  4 ice beasts
  2 black bears
  A necrophage (D:11)
  4 ogres
  5 wolves (Lair:5)
  9 centaurs
  A lemure (D:4)
  A phantom (D:9)
  A gnoll sergeant (D:8)
  A kobold brigand (D:10)
  17 bullfrogs
  A wyvern zombie (D:10)
  A wyvern skeleton (D:11)
  3 scorpions
  10 wights
  13 killer bees
  An electric eel (Lair:5)
  3 howler monkeys
  2 bullfrog zombies
  2 jellies
  7 orc priests
  A gnoll shaman (D:5)
  6 hounds
  A bullfrog skeleton (D:5)
  5 iguanas
  Jessica (D:3)
  15 orc wizards
  9 worker ants
  A howler monkey zombie (D:6)
  A howler monkey skeleton (D:5)
  6 gnolls (D:5)
  10 adders
  2 shadow imps
  3 white imps
  2 ufetubi
  An ooze (D:5)
  2 adder zombies
  An adder skeleton (D:7)
  6 worms
  3 dart slugs
  8 leopard geckos
  65 orcs
  4 ball pythons
  10 bats
  4 giant cockroaches
  8 goblins
  4 hobgoblins
  14 jackals
  2 quokkas
  8 frilled lizards
  A giant cockroach zombie (D:3)
  14 kobolds
  A leopard gecko zombie (D:7)
  9 rats
466 creatures vanquished.

Vanquished Creatures (collateral kills)
  An orc knight (Bailey)
  A manticore (D:11)
  A meliai (Lair:5)
  2 yaks (Lair:5)
  A water moccasin (Lair:5)
  3 orc warriors (Bailey)
  3 killer bees (Lair:5)
  3 orcs
15 creatures vanquished.

Vanquished Creatures (others)
  23 fungi
  31 plants
54 creatures vanquished.

Grand Total: 535 creatures vanquished

Notes
Turn   | Place    | Note
-------+----------+-------------------------------------------
     0 | D:1      | rjrrt the Demonspawn Berserker began the quest for the Orb.
     0 | D:1      | Reached XP level 1. HP: 18/18 MP: 1/1
    91 | D:1      | Reached skill level 3 in Axes
   159 | D:1      | Gained mutation: Your demonic aura sometimes causes spilled
                  | blood to erupt in flames [demonic ancestry]
   159 | D:1      | Reached XP level 2. HP: 24/24 MP: 2/2
   782 | D:1      | Reached ** piety under Trog
   783 | D:1      | Reached XP level 3. HP: 29/29 MP: 3/3
  1232 | D:2      | Reached skill level 4 in Axes
  1634 | D:2      | Gained mutation: You have a pair of small antennae on your
                  | head. [demonic ancestry]
  1634 | D:2      | Reached XP level 4. HP: 35/35 MP: 4/4
  2711 | D:3      | Found a faded altar of an unknown god.
  2755 | D:3      | Reached skill level 5 in Axes
  2761 | D:3      | Found Toamiysm's Distillery.
  2769 | D:3      | Bought a potion of curing for 36 gold pieces
  2919 | D:3      | Noticed Jessica
  2923 | D:3      | Killed Jessica
  2924 | D:3      | Reached XP level 5. HP: 41/41 MP: 5/5
  2939 | D:3      | Found Wubloca's Book Emporium.
  3341 | D:3      | Reached *** piety under Trog
  3342 | D:3      | Reached skill level 6 in Axes
  3602 | D:3      | Found Gozag's Platinum Reserve.
  3933 | D:3      | Found Siju's Weapon Emporium.
  4137 | D:3      | Gained mutation: You are partially covered in yellow
                  | scales. (AC +2) [demonic ancestry]
  4137 | D:3      | Reached XP level 6. HP: 47/47 MP: 6/6
  4164 | D:3      | Found an opulent altar of Gozag.
  4739 | D:4      | Noticed Menkaure
  4748 | D:4      | Killed Menkaure
  4749 | D:4      | Reached skill level 7 in Axes
  4749 | D:4      | Reached XP level 7. HP: 52/52 MP: 7/7
  4762 | D:4      | Noticed Pikel
  4771 | D:4      | Killed Pikel
  4772 | D:4      | Reached skill level 8 in Axes
  5371 | D:4      | Found a staircase to the Ecumenical Temple.
  5486 | D:5      | Entered Level 5 of the Dungeon
  5519 | D:5      | Gained mutation: A weak demonic guardian rushes to your
                  | aid. [demonic ancestry]
  5519 | D:5      | Reached XP level 8. HP: 50/58 MP: 8/8
  5535 | D:5      | Reached skill level 9 in Axes
  5822 | D:5      | Reached **** piety under Trog
  6096 | D:5      | Found a sparkling altar of Nemelex Xobeh.
  6302 | D:5      | Found Jafur's Lightly-Used Armoury.
  6492 | D:6      | Found a broken altar of Ashenzari.
  6573 | D:6      | Noticed Prince Ribbit
  6578 | D:6      | Killed Prince Ribbit
  6653 | D:6      | Found a snail-covered altar of Cheibriados.
  6653 | D:6      | Found a bloodstained altar of Trog.
  6737 | D:6      | Reached skill level 10 in Axes
  6740 | D:6      | Reached XP level 9. HP: 63/66 MP: 9/9
  7030 | D:7      | Noticed Joseph
  7051 | D:7      | Killed Joseph
  7052 | D:7      | Reached skill level 5 in Fighting
  7565 | D:7      | Reached skill level 11 in Axes
  7740 | D:7      | Noticed Maggie
  7748 | D:7      | Reached skill level 5 in Armour
  7754 | D:7      | Killed Maggie
  7888 | D:7      | Gained mutation: You are mostly covered in yellow scales.
                  | (AC +3) [demonic ancestry]
  7888 | D:7      | Reached XP level 10. HP: 77/77 MP: 10/10
  8397 | D:8      | Found an ornate altar of the Wu Jian Council.
  8895 | D:8      | Reached ***** piety under Trog
  9987 | D:9      | Noticed a catoblepas
 10275 | D:9      | Killed a catoblepas
 10276 | D:9      | Reached skill level 12 in Axes
 10716 | D:10     | Entered Level 10 of the Dungeon
 10733 | D:10     | Noticed a two-headed ogre
 10741 | D:10     | Killed a two-headed ogre
 10742 | D:10     | Gained mutation: You have a pair of antennae on your head.
                  | [demonic ancestry]
 10742 | D:10     | Reached XP level 11. HP: 86/86 MP: 11/11
 10892 | D:10     | Found a flagged portal.
 11014 | Bailey   | Entered a bailey
 11407 | Bailey   | Noticed an orc knight
 11408 | Bailey   | Noticed an orc knight
 11440 | Bailey   | Killed an orc knight
 11492 | Bailey   | Noticed an orc knight
 11507 | Bailey   | Killed an orc knight
 11508 | Bailey   | Killed an orc knight
 11508 | Bailey   | HP: 1/87 [orc warrior/+0 glaive (5)]
 11509 | Bailey   | Reached skill level 13 in Axes
 11984 | Bailey   | Identified 2 scrolls of acquirement
 11984 | Bailey   | Acquired the amulet "Arautuf" {Spirit Int+4 SInv}
 11991 | Bailey   | Acquired the amulet "Coment" {Faith rElec rN++ MP+9 Str+4}
 12377 | D:10     | Reached skill level 1 in Evocations
 12612 | D:10     | Received a gift from Trog
 13174 | D:11     | Noticed an oklob plant
 13174 | D:11     | Noticed an oklob plant
 13409 | D:11     | Killed an unseen horror
 13599 | D:11     | Found a staircase to the Lair.
 13603 | D:11     | Killed an oklob plant
 13606 | D:11     | Killed an oklob plant
 14226 | D:11     | Noticed a cyan ugly thing
 14230 | D:11     | Killed a cyan ugly thing
 14373 | D:11     | Gained mutation: A demonic guardian rushes to your aid.
                  | [demonic ancestry]
 14373 | D:11     | Reached XP level 12. HP: 66/95 MP: 12/12
 14613 | D:11     | Noticed a two-headed ogre
 14618 | D:11     | Killed a two-headed ogre
 14620 | D:11     | Noticed a centaur warrior
 14626 | D:11     | Killed a centaur warrior
 14784 | Lair:1   | Entered Level 1 of the Lair of Beasts
 14823 | Lair:1   | Reached skill level 14 in Axes
 15685 | Lair:1   | Reached skill level 10 in Fighting
 16764 | Lair:2   | Acquired a manual of Dodging
 17429 | Lair:3   | Found a staircase to the Snake Pit.
 17722 | Lair:3   | Reached ****** piety under Trog
 17726 | Lair:3   | Reached XP level 13. HP: 70/104 MP: 13/13
 18268 | Lair:3   | Found a large runed translucent door.
 18268 | Lair:3   | Found a large runed translucent door.
 18272 | Lair:3   | Noticed Fixtec's ghost (journeyman DECj)
 18299 | Lair:3   | Found a staircase to the Swamp.
 18886 | Lair:4   | Reached skill level 15 in Axes
 19533 | Lair:4   | Identified the +9 lajatang of Descent {protect, rC+ Int-2
                  | Dex+8}
 19625 | Lair:4   | Noticed Urug
 19643 | Lair:4   | Killed Urug
 20328 | Lair:5   | Received a gift from Trog
 20329 | Lair:5   | Reached skill level 5 in Dodging
 20596 | Lair:5   | HP: 7/159 [poisoned by a killer bee]
 20599 | Lair:5   | HP: 3/159 [poisoned by a killer bee]
 20601 | Lair:5   | Reached skill level 10 in Armour
 20602 | Lair:5   | HP: 1/159 [poisoned by a killer bee]
 20603 | Lair:5   | Succumbed to a killer bee's poison

Illustrated notes

Levels and vault maps discovered:
D:1:      lordsloth_arrival_two_stooges, layout_basic, st_stairs_9,
          minmay_tall_x
D:2:      minmay_general_purpose_star, layout_basic
D:3:      minmay_door_path, layout_basic, serial_shops, shop,
          nicolae_shop_stone, nicolae_shop_crystal,
          chequers_ecumenical_altar_simple_redux,
          nicolae_gozag_zags_fifth_avenue, uniq_jessica
D:4:      layout_cave_pools, minmay_temple_entry_glassed_door, uniq_menkaure,
          uniq_pikel
D:5:      layout_rooms, nemelex_xobeh_ov_fountains_minmay, minmay_shop_damaged
D:6:      layout_basic, gammafunk_temple_overflow_elements, basic_altar,
          uniq_prince_ribbit1
D:7:      layout_basic, uniq_joseph, uniq_maggie
D:8:      layout_loops_cross, nicolae_wu_jian_immortal_techniques,
          sword_in_stone
D:9:      layout_basic
D:10:     layout_basic, enter_bailey_2
D:11:     layout_basic, dpeg_oklobed_lair
Lair:1:   layout_roguey, infiniplex_staircase_pool_2
Lair:2:   layout_concentric_octagons, chequers_serial_rivers_micro_c,
          serial_bayou_shore_b
Lair:3:   layout_gridlike, swamp_mist, guppyfry_snake_entry_island,
          ebering_ghost_disaster_area
Lair:4:   layout_cellular_growth, uniq_urug
Lair:5:   layout_small_grid, special_room [special_room_bee],
          serial_bayou_shore_b, serial_bayou_shore_a

Skill      XL: |  1  2  3  4  5  6  7  8  9 10 11 12 13 |
---------------+----------------------------------------+-----
Axes           | 3 4 5 6 7 8 10 11 12 13 14 15 | 15.4
Armour         | 3 5 6 8 9 10 | 10.0
Fighting       | 4 6 7 9 10 11 | 11.0
Evocations     | 3 4 |  4.0
Dodging        | 3 6 |  6.0

Action                   |  1- 3 |  4- 6 |  7- 9 | 10-12 | 13-15 || total
-------------------------+-------+-------+-------+-------+-------++-------
Melee: Hand axe          |    99 |    34 |       |       |       ||   133
       War axe           |       |   153 |   285 |   307 |       ||   745
       Battleaxe         |       |       |       |   228 |   123 ||   351
Throw: Dart              |       |       |     1 |     2 |       ||     3
Invok: Berserk           |     2 |     6 |     7 |    11 |     1 ||    27
       Brothers in Arms  |       |       |       |     4 |     1 ||     5
Evoke: Wand              |       |       |       |     5 |       ||     5
  Use: Scroll            |       |       |     9 |    16 |       ||    25
       Potion            |       |       |       |     2 |       ||     2
 Stab: Distracted        |       |       |       |     2 |       ||     2
Armor: Ring mail         |    46 |    17 |       |       |       ||    63
       Plate armour      |       |    52 |   195 |   344 |    94 ||   685
       Scale mail        |       |    16 |       |       |       ||    16
Dodge: Dodged            |    76 |    77 |    95 |   212 |    63 ||   523

Table legend: (Time is in decaauts)
 A = Elapsed time spent in this place.
 B = Non-inter-level travel time spent in this place.
 C = Inter-level travel time spent in this place.
 D = Time resting spent in this place.
 E = Time spent auto-exploring this place.
 F = Levels seen in this place.
 G = Mean time per level.
                   A        B        C        D        E       F      G
               +--------+--------+--------+--------+--------+-----+--------+
         Total |  20875 |  20456 |    419 |   3672 |  12969 |  17 | 1227.9 |
       Dungeon |  13879 |  13581 |    298 |   2205 |   8807 |  11 | 1261.7 |
          Lair |   5820 |   5699 |    121 |    828 |   3997 |   5 | 1164.0 |
        Bailey |   1174 |   1174 |      0 |    639 |    164 |   1 | 1174.0 |
               +--------+--------+--------+--------+--------+-----+--------+

Top non-repeatable levels by time:
     D:9: 1729 daAuts
    D:11: 1689 daAuts
     D:3: 1573 daAuts
  Lair:4: 1557 daAuts
     D:2: 1496 daAuts
  Lair:3: 1412 daAuts
     D:4: 1306 daAuts
  Lair:1: 1285 daAuts
  Lair:2: 1284 daAuts
    D:10: 1275 daAuts
     D:1: 1243 daAuts
     D:7: 1176 daAuts
  Bailey: 1174 daAuts
     D:5: 951 daAuts
     D:8: 728 daAuts
